 Seeded DCSS version 0.27-a0-998-g4cfe56dd59 (webtiles) character file.

Game seed: 20210416 (custom seed)

3417 Snicker the Covert (level 9, -7/67 HPs)
             Began as a Demonspawn Brigand on Apr 16, 2021.
             Was an Initiate of Gozag.
             Mangled by an orc knight
             ... wielding a +0 halberd
              (19 damage)
             ... in a bailey on Apr 17, 2021.
             The game lasted 00:25:14 (8231 turns).

Snicker the Covert (Demonspawn Brigand)             Turns: 8231, Time: 00:25:14

Health: -7/67      AC:  5    Str: 12    XL:     9   Next: 76%
Magic:  9/9        EV: 15    Int: 12    God:    Gozag
Gold:   327        SH:  0    Dex: 26    Spells: 8/8 levels left

rFire    . . .     SeeInvis .   a - +4 dagger
rCold    . . .     Faith    .   (no shield)
rNeg     . . .     Spirit   .   b - +0 robe
rPois    .         Reflect  .   y - +0 helmet
rElec    .         Harm     .   c - +0 cloak
rCorr    .         Rampage  .   s - +0 pair of gloves
Will     .....                  (no boots)
Stlth    ++++++....             w - amulet of regeneration
HPRegen  1.21/turn              t - +6 ring of dexterity
MPRegen  0.11/turn              (no ring)

@: attractive
A: talons 2, thin skeletal structure 1
a: Renounce Religion, Potion Petition, Call Merchant, Bribe Branch


You were in a bailey.
You worshipped Gozag.
Gozag was aware of your devotion.
You visited 2 branches of the dungeon, and saw 8 of its levels.
You also visited: Ossuary and Bailey.

You collected 510 gold pieces.
You paid 183 gold pieces to Gozag.

Inventory:

Hand Weapons
 a - a +4 dagger (weapon)
 G - a +3 dagger
Missiles
 d - 33 poisoned darts (quivered)
Armour
 b - a +0 robe (worn)
 c - a +0 cloak (worn)
 f - the +1 plate armour "Huogish" {Fly MP+9 Str-5 Int-5}
   (You took it off an orc in a bailey)

   It affects your strength (-5).
   It affects your intelligence (-5).
   It affects your magic capacity (+9).
   It grants you flight.
 s - a +0 pair of gloves (worn)
 y - a +0 helmet (worn)
Jewellery
 o - an amulet of guardian spirit
 t - a +6 ring of dexterity (left hand)
 v - an amulet of the acrobat
 w - an amulet of regeneration (around neck)
Scrolls
 h - 2 scrolls of noise {unknown}
 j - 4 scrolls of enchant weapon {unknown}
 m - 2 scrolls of magic mapping {unknown}
 p - a scroll of acquirement {unknown}
 q - 2 scrolls of enchant armour {unknown}
 r - 7 scrolls of identify {unknown}
 x - 2 scrolls of teleportation {unknown}
 z - 3 scrolls of amnesia {unknown}
 A - 2 scrolls of immolation {unknown}
 B - a scroll of silence {unknown}
 E - a scroll of fear {unknown}
 F - a scroll of summoning {unknown}
Potions
 e - a potion of ambrosia
 g - 2 potions of flight
 l - a potion of brilliance {unknown}
 n - 2 potions of cancellation {unknown}
 C - 3 potions of curing {unknown}
 D - a potion of invisibility {unknown}


   Skills:
 + Level 4.9 Fighting
 * Level 7.8 Short Blades
 + Level 2.8 Throwing
 + Level 4.0 Dodging
 * Level 9.5 Stealth
 + Level 1.0 Evocations


You had 8 spell levels left.
You didn't know any spells.
Your spell library was empty.

Dungeon Overview and Level Annotations

Branches:
Dungeon (7/15)             Temple (1/1) D:7         Ossuary (visited)
 Bailey (1/1)

Altars:
Gozag
Zin

Shops:
D:2 [   D:7 [

Annotations:
D:5 2 transporters
D:6 3 runed translucent doors, chippings's ghost, novice DgDe
D:7 Maggie


Innate Abilities, Weirdness & Mutations

You have razor-sharp toenails.
You have a somewhat thin skeletal structure. (Dex +2, Stealth)


Message History

The orc knight is heavily wounded.
The orc barely misses you.
You puncture the orc knight!
The orc knight is severely wounded.
The orc knight closely misses you. The orc barely misses you.
You hit the orc knight but do no damage.
Your kick misses the orc knight.
The orc knight is severely wounded.
The orc knight closely misses you.
You barely miss the orc knight.
You claw the orc knight, but do no damage.
The orc knight is severely wounded.
The orc hits you but does no damage.
You barely miss the orc knight. Your kick misses the orc knight.
The orc knight is severely wounded.
The orc knight closely misses you.
You miss the orc knight.
The orc knight is severely wounded.
The orc closely misses you.
The orc knight hits you with a +0 halberd!!
* * * LOW HITPOINT WARNING * * *
You hit the orc knight but do no damage.
Your kick misses the orc knight.
The orc knight is severely wounded.
The orc hits you from afar with a +0 halberd.
* * * LOW HITPOINT WARNING * * *
You hit the orc knight but do no damage.
You claw the orc knight, but do no damage.
The orc knight is severely wounded.
The orc knight closely misses you.
You hit the orc knight.
You claw the orc knight, but do no damage.
The orc knight is severely wounded.
The orc hits you from afar with a +0 halberd.
* * * LOW HITPOINT WARNING * * *
You barely miss the orc knight. You claw the orc knight.
The orc knight is severely wounded.
The orc knight hits you with a +0 halberd!!
You die...
Your body crumbles into a pile of gold.

#.≈≈≈≈≈≈≈≈≈≈.)## ##
#.≈..........##
#.≈.##########
#.≈.##.....#
#.≈..##...'
#.≈≈..##.##§. o.o..
##.≈≈..#'# §≈..o§..
#∩.≈≈..#'# ≈..⌠∩⌠.
#.≈≈@.## # ≈≈.....§
#.≈.o## $ .≈≈≈≈§≈
#.≈o## $$$ ... ..
#.≈.#########'###'###
#.≈...(o.....##.....#
#.≈≈≈≈≈≈≈≈≈≈..##.∩.##
#..........≈≈..## ##.
##########..≈≈)$###..
##..≈≈.((..≈


You could see an orc knight (very poisoned) and an orc (strong).

Vanquished Creatures
  Grinder (D:6)
  A steam dragon (D:7)
  A water moccasin (D:7)
  4 orc warriors
  2 sky beasts
  6 ice beasts
  An ogre (D:5)
  A centaur (D:5)
  3 phantoms
  Blork the orc (D:4)
  A wyvern zombie (D:6)
  A gnoll sergeant (D:3)
  5 scorpions
  A wyvern skeleton (D:6)
  A killer bee (D:7)
  A howler monkey (D:6)
  A centaur zombie (D:7)
  2 jellies (D:6)
  3 orc priests
  3 hounds
  2 bullfrog skeletons (D:5)
  An iguana (D:4)
  4 orc wizards
  A killer bee zombie (D:4)
  A hound skeleton (D:4)
  13 mummies (Ossuary)
  A howler monkey zombie (D:5)
  3 gnolls (D:3)
  2 howler monkey skeletons
  6 adders
  A shadow imp (D:6)
  A white imp (D:4)
  A worm (D:4)
  3 dart slugs
  24 orcs
  6 ball pythons
  3 bats
  11 endoplasms
  2 giant cockroaches
  2 goblins
  6 hobgoblins
  3 quokkas
  5 frilled lizards
  A goblin skeleton (Ossuary)
  13 kobolds
  6 kobold skeletons (Ossuary)
  An orc skeleton (Ossuary)
  5 rats
  11 rat skeletons (Ossuary)
179 creatures vanquished.

Vanquished Creatures (others)
  6 plants (D:5)
6 creatures vanquished.

Grand Total: 185 creatures vanquished

Notes
Turn   | Place    | Note
-------+----------+-------------------------------------------
     0 | D:1      | Snicker the Demonspawn Brigand began the quest for the Orb.
     0 | D:1      | Reached XP level 1. HP: 16/16 MP: 1/1
   195 | D:1      | Reached skill level 4 in Stealth
   208 | D:1      | Gained mutation: You have sharp toenails. [demonic
                  | ancestry]
   208 | D:1      | Reached XP level 2. HP: 16/22 MP: 2/2
   471 | D:1      | Found a faded altar of an unknown god.
   781 | D:1      | Gained mutation: You have razor-sharp toenails. [demonic
                  | ancestry]
   781 | D:1      | Reached XP level 3. HP: 24/27 MP: 3/3
  1355 | D:2      | Reached skill level 1 in Dodging
  1901 | D:2      | Found Desux's Antique Armour Boutique.
  2371 | D:3      | Reached XP level 4. HP: 33/33 MP: 4/4
  2519 | D:3      | Noticed a gnoll sergeant
  2528 | D:3      | Killed a gnoll sergeant
  2529 | D:3      | Reached skill level 5 in Stealth
  2529 | D:3      | Gained mutation: You have a somewhat thin skeletal
                  | structure. (Dex +2, Stealth) [demonic ancestry]
  2529 | D:3      | Reached XP level 5. HP: 24/38 MP: 3/5
  2758 | D:3      | HP: 1/38 [something/magic dart (2)]
  3178 | D:3      | Reached XP level 6. HP: 16/44 MP: 3/6
  3694 | D:4      | Reached skill level 6 in Stealth
  3765 | D:4      | Noticed an orc warrior
  3805 | D:4      | Killed an orc warrior
  3975 | D:4      | Reached XP level 7. HP: 12/51 MP: 1/7
  4306 | D:4      | Noticed Blork the orc
  4316 | D:4      | Killed Blork the orc
  4556 | D:5      | Entered Level 5 of the Dungeon
  4784 | D:5      | Reached skill level 5 in Short Blades
  4984 | D:5      | Reached XP level 8. HP: 59/59 MP: 8/8
  5077 | D:5      | Reached skill level 7 in Stealth
  5323 | D:5      | Identified the +7 trident of Tortfeasance {venom, Str+4}
  5323 | D:5      | Identified the +0 buckler of Fashionability {Drain rPois
                  | rN+}
  5387 | D:5      | Found a transporter.
  5388 | D:5      | Found a transporter.
  6161 | D:6      | Noticed Grinder
  6180 | D:6      | Killed Grinder
  6253 | D:6      | Reached XP level 9. HP: 29/66 MP: 9/9
  6512 | D:6      | Reached skill level 8 in Stealth
  6633 | D:6      | Upgraded the game from 0.27-a0-988-g25969acef8 to
                  | 0.27-a0-998-g4cfe56dd59
  6672 | D:6      | Found a runed translucent gate.
  6672 | D:6      | Found a runed translucent gate.
  6672 | D:6      | Noticed chippings's ghost (novice DgDe)
  6673 | D:6      | Found a runed translucent gate.
  7129 | D:7      | Reached skill level 1 in Evocations
  7134 | D:7      | Found a sand-covered staircase.
  7140 | Ossuary  | Entered an ossuary
  7377 | Ossuary  | Reached skill level 9 in Stealth
  7675 | D:7      | Found a staircase to the Ecumenical Temple.
  7688 | Temple   | Entered the Ecumenical Temple
  7709 | Temple   | Became a worshipper of Gozag Ym Sagoz the Greedy
  7745 | D:7      | Found Busuj's Antique Armour Boutique.
  7813 | D:7      | Noticed Maggie
  7815 | D:7      | Found a flagged portal.
  7824 | Bailey   | Entered a bailey
  7911 | Bailey   | Noticed an orc knight
  8165 | Bailey   | Noticed an orc knight
  8165 | Bailey   | Noticed an orc knight
  8165 | Bailey   | Identified the +1 plate armour "Huogish" {Fly MP+9 Str-5
                  | Int-5}
  8231 | Bailey   | Mangled by an orc knight

Illustrated notes

Levels and vault maps discovered:
D:1:      elethiomel_arrival_infinity_welcomes_careful_drivers,
          layout_loops_ring, hellmonk_ecumenical_altar_zigzags, grunt_decor_cap
D:2:      layout_basic, serial_shops, shop, hangedman_decor_diamond_cutter,
          serial_park_tiny_1, corexii_hall_statues_x
D:3:      layout_loops_ring
D:4:      layout_gridville, uniq_blork_the_orc
D:5:      minmay_angry_zag, layout_basic, gammafunk_ghost_gnarly_gnolls
D:6:      layout_loops_ring, ebering_ghost_rock_garden, chequers_garden,
          uniq_grinder
D:7:      layout_cave_pods, minmay_temple_entry_glass, enter_bailey_2,
          serial_shops, shop_coins, nicolae_ossuary_entry_plus, st_stairs_1,
          uniq_maggie
Temple:   roderic_octagonal_lattice_temple
Bailey:   bailey_polearm_1, bailey

Skill      XL: |  1  2  3  4  5  6  7  8  9 |
---------------+----------------------------+-----
Stealth        | 4 5 6 7 9 |  9.5
Short Blades   | 2 3 4 5 7 |  7.8
Dodging        | 1 2 3 4 |  4.0
Throwing       | 2 |  2.8
Fighting       | 3 4 |  4.9
Evocations     | 1 |  1.0

Action                   |  1- 3 |  4- 6 |  7- 9 || total
-------------------------+-------+-------+-------++-------
Melee: Dagger            |    93 |   143 |   328 ||   564
       Kick              |    11 |    48 |   128 ||   187
Throw: Dart              |       |    15 |    39 ||    54
Evoke: Wand              |       |       |     9 ||     9
  Use: Potion            |       |     2 |     6 ||     8
 Stab: Sleeping          |    17 |     4 |    35 ||    56
       Distracted        |       |       |     1 ||     1
Armor: Robe              |    25 |    18 |    38 ||    81
       Skin              |       |       |    37 ||    37
Dodge: Dodged            |    38 |    75 |   212 ||   325

Table legend: (Time is in decaauts)
 A = Elapsed time spent in this place.
 B = Non-inter-level travel time spent in this place.
 C = Inter-level travel time spent in this place.
 D = Time resting spent in this place.
 E = Time spent auto-exploring this place.
 F = Levels seen in this place.
 G = Mean time per level.
                   A        B        C        D        E       F      G
               +--------+--------+--------+--------+--------+-----+--------+
         Total |   8082 |   7799 |    283 |   1236 |   4709 |  10 |  808.2 |
       Dungeon |   7311 |   7043 |    268 |   1146 |   4571 |   7 | 1044.4 |
        Temple |     36 |     21 |     15 |      0 |     17 |   1 |   36.0 |
       Ossuary |    351 |    351 |      0 |      0 |    121 |   1 |  351.0 |
        Bailey |    382 |    382 |      0 |     90 |      0 |   1 |  382.0 |
               +--------+--------+--------+--------+--------+-----+--------+

Top non-repeatable levels by time:
     D:5: 1603 daAuts
     D:4: 1246 daAuts
     D:3: 1211 daAuts
     D:1: 1151 daAuts
     D:2: 982 daAuts
     D:6: 811 daAuts
  Bailey: 382 daAuts
 Ossuary: 351 daAuts
     D:7: 304 daAuts
  Temple: 36 daAuts
